 Dungeon Crawl Stone Soup version 0.24.1 (webtiles) character file.

Game seed: 13327005992128879572, levelgen mode: deterministic

223 Destapler the Digger (level 6, 0/43 HPs)
             Began as a Formicid Earth Elementalist on Mar 28, 2020.
             Was a Believer of Elyvilon.
             Succumbed to Dowan's poison
             ... on level 3 of the Dungeon.
             The game lasted 00:10:12 (3336 turns).

Destapler the Digger (Formicid Earth Elementalist)  Turns: 3336, Time: 00:10:13

Health: 0/43       AC:  3    Str: 11    XL:     6   Next: 20%
Magic:  1/10       EV: 18    Int: 14    God:    Elyvilon [**....]
Gold:   243        SH:  0    Dex: 17    Spells: 10/11 levels left

rFire    . . .     SeeInvis +   g - +1 spear (venom)
rCold    . . .     Gourm    .   (no shield)
rNeg     . . .     Faith    .   c - +1 robe
rPois    .         Spirit   +   (helmet unavailable)
rElec    .         Reflect  .   m - scarf {Spirit}
rCorr    .         Harm     .   (no gloves)
MR       .....                  (no boots)
Stlth    ++++......             s - amulet of rage
HPRegen  0.14/turn              u - -3 ring of strength (curse)
MPRegen  0.12/turn              (no ring)

@: agile, lethally poisoned (0 -> -12)
A: permanent stasis, dig shafts and tunnels, four strong arms, antennae 3
a: Dig, Shaft Self, Lesser Healing, Heal Other, Divine Protection, Renounce
Religion


You were on level 3 of the Dungeon.
You worshipped Elyvilon.
Elyvilon was pleased with you.
You were not hungry.

You visited 1 branch of the dungeon, and saw 4 of its levels.

You collected 243 gold pieces.

Inventory:

Hand Weapons
 a - a +0 dagger
 g - a +1 spear of venom (weapon)
Missiles
 b - 82 stones (quivered)
 q - 30 poisoned darts
Armour
 c - a +1 robe (worn)
 m - a scarf of spirit shield (worn)
Jewellery
 s - an amulet of rage (around neck)
 u - a cursed -3 ring of strength (left hand)
Wands
 f - a wand of paralysis (10)
Scrolls
 i - 3 scrolls of identify
 j - 2 scrolls of magic mapping
 p - a scroll of remove curse {unknown}
Potions
 e - a potion of lignification {unknown}
 h - 3 potions of flight
 k - 2 potions of heal wounds
 o - a potion of curing
Comestibles
 d - 6 rations


   Skills:
 + Level 1.2 Fighting
 + Level 1.0 Polearms
 + Level 1.2 Armour
 + Level 2.9 Dodging
 + Level 4.0 Stealth
 - Level 3.0 Spellcasting
   Level 1.1 Transmutations
 - Level 4.3 Earth Magic
 * Level 2.2 Invocations


You had 10 spell levels left.
You knew the following spells:

 Your Spells              Type           Power        Failure   Level  Hunger
a - Sandblast             Erth           ##....       3%          1    #......

Your spell library contained the following spells:

 Spells                   Type           Power        Failure   Level  Hunger
 Passwall                 Tmut/Erth      #.......     11%         2    ##.....
 Stone Arrow              Conj/Erth      #.....       26%         3    ###....
 Petrify                  Tmut/Erth      #.......     56%         4    #####..
 Lee's Rapid Deconstruct  Erth           ##........   69%         5    ######.


Dungeon Overview and Level Annotations

Branches:
Dungeon (4/15)
 Temple: D:4-7

Altars:
Ashenzari
Cheibriados
Elyvilon
Hepliaklqana
Okawaru
Yredelemnul

Annotations:
D:3 Duvessa


Innate Abilities, Weirdness & Mutations

You cannot be hasted, slowed, berserked, paralysed or teleported.
You can dig through walls and to a lower floor.
Your four strong arms can wield two-handed weapons with a shield.
You have a pair of large antennae on your head. (SInv)


Message History

Your Polearms skill increases to level 1!
Your Stealth skill increases to level 4!
Your Invocations skill increases to level 2!
You have reached level 6!
Your experience leads to an increase in your attributes!
Your base attributes are Str 13, Int 14, Dex 12.
Increase (S)trength, (I)ntelligence, or (D)exterity?
You feel stronger. Duvessa hits you with a +0 short sword!
* * * LOW HITPOINT WARNING * * *
You barely miss Duvessa.
Duvessa is heavily wounded.
* * * LOW HITPOINT WARNING * * *
You feel sick. Duvessa hits you with a +0 short sword.
* * * LOW HITPOINT WARNING * * *
Duvessa barely misses you.
* * * LOW HITPOINT WARNING * * *
You feel sick. Duvessa completely misses you.
You climb upwards.
You die...

##.#.## ##...........
##.###.########....#.##.##
#.##
##......).....#.#..รท#
##)###.########...........
##)#[## ##....##...# ##.##
##...###.## #.#
#########...# #.#.
#.####e..#.......# #.#.
#...#.@....###)#.# #.#.
###.#......# #.#<###.#.
#.#.....## #.#.##...<
#.##...## #......#..
#.###.#### ###.##....
#........# #.###.#.
#..##.##.#####.###.#.
#..##.#............#.
#........####......#.


You could see Duvessa (berserk).

Vanquished Creatures
  Dowan (D:4)
  A hound (D:4)
  An orc wizard (D:3)
  3 adders
  An ooze (D:1)
  3 adder skeletons (D:4)
  4 worms
  2 dart slugs (D:2)
  2 leopard geckos
  4 orcs (D:3)
  3 giant cockroaches
  7 goblins
  7 hobgoblins
  3 jackals (D:2)
  A quokka (D:4)
  2 ball pythons
  2 bats
  2 frilled lizards
  5 kobolds
  7 rats
61 creatures vanquished.

Notes
Turn   | Place    | Note
-------+----------+-------------------------------------------
     0 | D:1      | Destapler the Formicid Earth Elementalist began the quest
                  | for the Orb.
     0 | D:1      | Reached XP level 1. HP: 13/13 MP: 3/3
    77 | D:1      | Reached XP level 2. HP: 19/19 MP: 0/5
   750 | D:1      | Reached XP level 3. HP: 22/24 MP: 6/6
  1048 | D:2      | Found a snail-covered altar of Cheibriados.
  1181 | D:2      | Reached XP level 4. HP: 25/30 MP: 8/8
  1820 | D:2      | Found a shattered altar of Ashenzari.
  1828 | D:2      | Found a white marble altar of Elyvilon.
  2059 | D:2      | Became a worshipper of Elyvilon the Healer
  2291 | D:3      | Found an iron altar of Okawaru.
  2515 | D:3      | Reached * piety under Elyvilon
  2578 | D:3      | Found a hazy altar of Hepliaklqana.
  2756 | D:3      | Reached skill level 1 in Invocations
  2756 | D:3      | Reached XP level 5. HP: 14/36 MP: 1/9
  3058 | D:4      | Found a basalt altar of Yredelemnul.
  3061 | D:4      | Reached skill level 1 in Armour
  3096 | D:4      | Reached ** piety under Elyvilon
  3254 | D:4      | Reached skill level 1 in Fighting
  3301 | D:4      | Noticed Duvessa
  3301 | D:4      | Noticed Dowan
  3333 | D:4      | Killed Dowan
  3333 | D:4      | Reached skill level 1 in Polearms
  3333 | D:4      | Reached XP level 6. HP: 17/43 MP: 4/10
  3335 | D:4      | HP: 2/43 [poisoned by Dowan]
  3336 | D:3      | Succumbed to Dowan's poison

Levels and vault maps discovered:
D:1:      psy_arrival_conway, layout_loops_ring
D:2:      layout_loops_ring, minitemple, old_standard_altar, first_ration,
          solitary_fountain
D:3:      minmay_spotlight, layout_loops_ring, old_standard_altar,
          okawaru_gym_becter
D:4:      layout_layer_cave, lemuel_crystal_altar, lemuel_round_altar,
          kennysheep_generic_room_2, uniq_duvessa

Skill      XL: |  1  2  3  4  5 |
---------------+----------------+-----
Dodging        | 2 |  2.9
Stealth        | 3 4 |  4.0
Earth Magic    | 4 |  4.3
Spellcasting   | 3 |  3.0
Invocations    | 1 2 |  2.2
Armour         | 1 |  1.2
Fighting       | 1 |  1.2
Polearms       | 1 |  1.0
Transmutations | |  1.1

Action                   |  1- 3 |  4- 6 || total
-------------------------+-------+-------++-------
Melee: Unarmed           |     4 |       ||     4
       Dagger            |    36 |       ||    36
       Spear             |    51 |   117 ||   168
 Cast: Sandblast         |     6 |     6 ||    12
  Use: Scroll            |       |     8 ||     8
       Potion            |       |     1 ||     1
 Stab: Sleeping          |     4 |     7 ||    11
  Eat: Chunk             |     1 |     7 ||     8
Armor: Robe              |    12 |     7 ||    19
Dodge: Dodged            |    50 |    51 ||   101
